 Dungeon Crawl Stone Soup version 0.17.1-2-g5865329 (webtiles) character file.

442 Faildrin the Magician (level 6, 0/33 HPs)
             Began as a Deep Elf Ice Elementalist on Feb 4, 2016.
             Was an Initiate of Qazlal.
             Killed by nerve-wracking pain
             ... invoked by Menkaure
              (5 damage)
             ... on level 4 of the Dungeon.
             The game lasted 00:38:47 (3424 turns).

Faildrin the Magician (Deep Elf Ice Elementalist)   Turns: 3424, Time: 00:38:47

Health: 0/33       AC:  4    Str:  5    XL:     6   Next: 71%
Magic:  2/17       EV: 14    Int: 22    God:    Qazlal [......]
Gold:   158        SH:  0    Dex: 15    Spells: 5 memorised, 3 levels left

rFire  . . .     SeeInvis .     o - -1 hand axe (curse)
rCold  . . .     Clarity  .     h - +2 robe
rNeg   . . .     SustAt   .     (no shield)
rPois  .         Gourm    .     (no helmet)
rElec  .         Spirit   .     (no cloak)
rCorr  .         Warding  .     (no gloves)
rMut   .         Stasis   +     (no boots)
MR     .....                    m - amulet of stasis
Stlth  +.........               c - ring of teleportation (curse)
                                p - ring of loudness (curse)

@: not resistant to hostile enchantments, very unstealthy
A: no striking features
a: Renounce Religion, Evoke Teleportation


You were on level 4 of the Dungeon.
You worshipped Qazlal.
Qazlal was noncommittal.
You were not hungry.

You visited 1 branch of the dungeon, and saw 4 of its levels.

You collected 158 gold pieces.

Inventory:

Hand Weapons
 f - a +0 club
 g - a +0 dagger
 k - a +0 short sword
 n - a +1 rapier
 o - a cursed -1 hand axe (weapon)
Missiles
 j - 55 arrows
Armour
 a - a +0 robe
 d - a +0 robe
 h - a +2 robe (worn)
Jewellery
 c - a cursed ring of teleportation (right hand)
 e - an uncursed ring of magical power
 m - an amulet of stasis (around neck)
 p - a cursed ring of loudness (left hand)
 r - an uncursed amulet of guardian spirit {unknown}
Scrolls
 i - a scroll of identify
 l - a scroll of enchant armour
 q - a scroll of teleportation
Books
 b - a book of Frost

   Spells                             Type                      Level
   a - Freeze                         Ice                          1
   b - Throw Frost                    Conjuration/Ice              2
   c - Ozocubu's Armour               Charms/Ice                   3
   d - Throw Icicle                   Conjuration/Ice              4
   e - Summon Ice Beast               Ice/Summoning                4
   f - Condensation Shield            Ice                          4


   Skills:
 + Level 0.5 Fighting
 + Level 3.7 Dodging
 + Level 3.1 Stealth
 + Level 6.3 Spellcasting
 + Level 2.5 Conjurations
 + Level 1.1 Charms
 + Level 5.4 Ice Magic


You had 3 spell levels left.
You knew the following spells:

 Your Spells              Type           Power        Failure   Level  Hunger
a - Freeze                Ice            ####         1%          1    None
b - Throw Frost           Conj/Ice       ###...       2%          2    None
c - Ozocubu's Armour      Chrm/Ice       ###.....     10%         3    #......
d - Condensation Shield   Ice            ####......   12%         4    ###....
e - Throw Icicle          Conj/Ice       ###.....     17%         4    ###....


Dungeon Overview and Level Annotations

Branches:
Dungeon (4/15)
 Temple: D:4-7

Altars:
Elyvilon
Okawaru
Qazlal
Zin

Annotations:
D:4 Menkaure


Message History

Your icy armour starts to melt.
Your icy armour evaporates.
Menkaure whispers drily.
Menkaure gestures at you while chanting.
Pain shoots through your body!
* * * LOW HITPOINT WARNING * * *
Casting: Throw Icicle
Confirm with . or Enter, or press ? or * to list all spells.
Aiming: Throw Icicle
Press: ? - help, Shift-Dir - straight line, f/p - Menkaure
Aim: Menkaure (heavily damaged, fast)
The shard of ice hits Menkaure.
Menkaure partially resists.
Menkaure is severely damaged.
There is a stone staircase leading down here.
Menkaure hits you but does no damage.
Menkaure gestures at you while chanting.
You struggle to resist.
Menkaure casts a spell at you. Pain shoots through your body!
You die...

.........# #.##.# #.........# #
.........# #.##.# #......##.###
....##########'##.# #......##....
....# #..........# #.......#####
##### #..........# #.....#......
###** #..........# #####.#..####
..,,* #.........M# #.#..####
###.##*#######.##.#######.#.....#
......,.........@...>........##.#
...)##*##########+#######.##.##.#
#.##..,* #####.....######.##..#.#
*,#*,,,* #...#.....'....#.##..#.#
*,,,,,,* #...#.....####.#.##....#
****,,,* #...#.....# #.#.###...#
****,,,* #..†#.....# #.#.# #...#
,,,*,,,* #...#.....####.#.####..#
,,,*,,,* #..............#.M..)..#


You could see Menkaure.

Vanquished Creatures
  Duvessa (D:4)
  Dowan (D:4)
  An orc priest (D:3)
  A hound (D:4)
  2 orc wizards
  4 worker ants (D:4)
  2 adders
  A worm (D:3)
  7 orcs
  8 bats
  3 giant cockroaches
  7 goblins
  8 hobgoblins
  9 kobolds
  A quokka (D:3)
  2 giant geckos
  A giant newt (D:2)
  8 rats
67 creatures vanquished.

Notes
Turn   | Place    | Note
--------------------------------------------------------------
     0 | D:1      | Faildrin the Deep Elf Ice Elementalist began the quest for the Orb.
     0 | D:1      | Reached XP level 1. HP: 10/10 MP: 6/6
   412 | D:1      | Reached XP level 2. HP: 15/15 MP: 8/8
   416 | D:1      | Learned a level 2 spell: Throw Frost
  1148 | D:2      | Reached skill level 4 in Spellcasting
  1247 | D:2      | Reached XP level 3. HP: 19/19 MP: 10/10
  1253 | D:2      | Learned a level 3 spell: Ozocubu's Armour
  1758 | D:3      | Found an iron altar of Okawaru.
  1824 | D:3      | Reached XP level 4. HP: 12/24 MP: 2/12
  2464 | D:3      | Found a white marble altar of Elyvilon.
  2762 | D:4      | Found a glowing silver altar of Zin.
  2863 | D:4      | Found a stormy altar of Qazlal.
  2879 | D:4      | Became a worshipper of Qazlal Stormbringer
  2900 | D:4      | Reached XP level 5. HP: 28/28 MP: 14/14
  2907 | D:4      | Learned a level 4 spell: Condensation Shield
  2963 | D:4      | Reached skill level 5 in Spellcasting
  3046 | D:4      | Noticed Dowan
  3047 | D:4      | Noticed Duvessa
  3064 | D:4      | Killed Duvessa
  3064 | D:4      | Reached skill level 6 in Spellcasting
  3064 | D:4      | Reached skill level 1 in Charms
  3064 | D:4      | Reached skill level 5 in Ice Magic
  3064 | D:4      | Reached XP level 6. HP: 18/33 MP: 0/17
  3080 | D:4      | Killed Dowan
  3284 | D:4      | Learned a level 4 spell: Throw Icicle
  3366 | D:4      | Noticed Menkaure
  3424 | D:4      | Killed from afar by Menkaure

Action                   |  1- 3 |  4- 6 || total
-------------------------+-------+-------++-------
Melee: Short sword       |     4 |       ||     4
       Club              |     2 |       ||     2
       Rapier            |     2 |       ||     2
       Hand axe          |       |    23 ||    23
 Cast: Freeze            |    25 |    31 ||    56
       Throw Frost       |    32 |    35 ||    67
       Ozocubu's Armour  |     1 |     5 ||     6
       Condensation Shie |       |     2 ||     2
       Throw Icicle      |       |     3 ||     3
  Use: Scroll            |     7 |     5 ||    12
       Potion            |     3 |     3 ||     6
 Stab: Sleeping          |     1 |       ||     1
  Eat: Bread ration      |     1 |     1 ||     2
       Pizza             |       |     1 ||     1
       Royal jelly       |       |     1 ||     1
